 Dungeon Crawl Stone Soup version 0.30-a0-777-ga9a30cbeda (console) character file.

Game seed: 11866990133503732472

566 rlgrobin the Chopper (level 7, 0/55 (59) HPs)
             Began as an Armataur Fighter on Feb 15, 2023.
             Was a Believer of Uskayaw.
             Slain by a wight
             ... wielding a +3 hand axe
              (2 damage)
             ... on level 6 of the Dungeon.
             The game lasted 00:04:41 (761 turns).

rlgrobin the Chopper (Armataur Fighter)              Turns: 761, Time: 00:04:42

HP:   0/55 (59)     AC:  9    Str: 21    XL:     7   Next: 10%
MP:   6/8           EV:  4    Int:  9    God:    Uskayaw [**....]
Gold: 77            SH:  0    Dex: 11    Spells: 6/6 levels left

rFire   . . .      SeeInvis .    a - +5 battleaxe
rCold   . . .      Faith    .    (shield currently unavailable)
rNeg    . . .      Spirit   .    g - +0 plate armour
rPois   .          Reflect  .    (no helmet)
rElec   .          Harm     .    (no cloak)
rCorr   .          Roll     +    (no gloves)
Will    .....                    (no barding) Stlth
                                 (no amulet)
HPRegen 0.29/turn                (no ring)
MPRegen 0.11/turn                (no ring)

@: drained
A: large, rugged brown scales 3, deformed body, armoured tail, roll, long
tongue, awkward tongue
a: Renounce Religion, Stomp, Line Pass


You were on level 6 of the Dungeon.
You worshipped Uskayaw.
Uskayaw was noncommittal.
You visited 1 branch of the dungeon, and saw 6 of its levels.
You also visited: Sewer.

You collected 77 gold pieces.

Inventory:

Hand Weapons
 a - a +5 battleaxe (weapon)
 b - a +0 war axe of venom
Missiles
 k - a curare-tipped dart (quivered)
Armour
 c - a +0 buckler
 g - a +0 plate armour (worn)
Wands
 d - a wand of flame (12)
 i - a wand of roots (15)
Potions
 e - a potion of magic {unknown}
 f - a potion of haste {unknown}
 h - 2 potions of mutation
 j - a potion of degeneration {unknown}
 l - 2 potions of flight
 n - a potion of cancellation {unknown}


   Skills:
 - Level 2.6 Fighting
 + Level 6.3 Axes
 - Level 3.6 Armour
 - Level 3.2 Shields
 - Level 1.5 Invocations


You had 6 spell levels left.
You didn't know any spells.
Your spell library contained the following spells:

 Spells                   Type           Power      Damage    Failure   Level
 Lesser Beckoning         Tloc           0%         N/A       100%        2
 Gell's Gravitas          Tloc           0%         N/A       100%        3
 Teleport Other           Tloc           0%         N/A       100%        3


Dungeon Overview and Level Annotations

Branches:
Dungeon (6/15)              Sewer (visited)
 Temple: D:4-7

Altars:
Uskayaw


Innate Abilities, Weirdness & Mutations

You are completely covered in rugged brown scales. (AC +3, +7% HP)
Armour fits poorly on your strangely shaped body.
You have a long armoured tail.
You roll when moving toward enemies. (Rampage)
Your long tongue fully drains potion bottles. (2x potion effects)
Your tongue gives you trouble enunciating. (1.5x scroll delay)


Message History

A scorpion comes into view.
A scorpion is nearby!
You roll towards the scorpion!
You closely miss the scorpion. The scorpion stings you.
You are poisoned.
The scorpion poisons you! The scorpion stings you.
You closely miss the scorpion.
You feel very sick.
The scorpion stings you but does no damage.
The scorpion stings you.
You slice the scorpion!!
You kill the scorpion!
You feel sick.
You have reached level 7!
You feel sick.
You feel sick.
You feel sick.
You feel sick.
You are no longer poisoned.
A wight comes into view. It is wielding a +0 war axe.
You roll towards the wight!
A wight comes into view. It is wielding a +3 hand axe.
You roll towards the wight!
Found 10 gold pieces.
The wight hits you with a +0 war axe.
* * * LOW HITPOINT WARNING * * *
You slash the wight!
The wight is almost destroyed.
You hit the wight but do no damage. You tail-slap the wight.
The wight is lightly damaged.
You can now pass through a line of other dancers.
You slash the wight!
The wight is severely damaged.
You slash the wight!
You destroy the wight!
The wight hits you with a +3 hand axe.
* * * LOW HITPOINT WARNING * * *
The wight hits you with a +3 hand axe.
* * * LOW HITPOINT WARNING * * *
You feel drained.
You die...

###### #....# #....# ##
.#########...<#######...
......z@................
....##)..#.##.#########.
# #.#.....#..
#.#..........
$.......#.....#
##.....###.....# ###.###
.....# #.. ######


You could see a wight.

Vanquished Creatures
  A kobold brigand (Sewer)
  A necrophage (D:5)
  A scorpion (D:6)
  5 wights
  An orc priest (D:4)
  An iguana (D:4)
  Ijyb (D:4)
  An orc wizard (D:4)
  2 river rats
  A worm (D:4)
  3 orcs (D:4)
  2 endoplasms
  3 giant cockroaches
  A hobgoblin (D:4)
  6 kobolds
  4 quokkas
  4 ball pythons
  5 rats
43 creatures vanquished.

Notes
Turn   | Place    | Note
-------+----------+-------------------------------------------
     0 | D:1      | rlgrobin the Armataur Fighter began the quest for the Orb.
     0 | D:1      | Reached XP level 1. HP: 19/19 MP: 1/1
   117 | D:2      | Reached skill level 2 in Axes
   227 | D:4      | Reached XP level 2. HP: 25/26 MP: 2/2
   249 | D:4      | Reached skill level 3 in Axes
   249 | D:4      | Reached XP level 3. HP: 25/32 MP: 3/3
   305 | D:4      | Noticed Ijyb
   314 | D:4      | Killed Ijyb
   317 | D:4      | Reached XP level 4. HP: 34/39 MP: 4/4
   322 | D:4      | Reached skill level 4 in Axes
   333 | D:4      | Found a hide-covered altar of Uskayaw.
   348 | D:4      | Became a worshipper of Uskayaw the Reveller
   438 | D:4      | Reached * piety under Uskayaw
   440 | D:4      | Reached ** piety under Uskayaw
   442 | D:4      | Reached XP level 5. HP: 30/44 MP: 5/5
   464 | D:4      | Found a glowing drain.
   471 | Sewer    | Entered a sewer
   525 | Sewer    | Reached skill level 5 in Axes
   527 | Sewer    | Reached *** piety under Uskayaw
   546 | Sewer    | Found a white marble altar of Elyvilon.
   631 | D:5      | Entered Level 5 of the Dungeon
   642 | D:5      | Reached XP level 6. HP: 51/51 MP: 6/6
   645 | D:5      | Reached **** piety under Uskayaw
   703 | D:5      | Reached skill level 6 in Axes
   703 | D:5      | Reached skill level 1 in Invocations
   748 | D:6      | Reached XP level 7. HP: 15/56 MP: 4/8
   761 | D:6      | HP: 2/56 [wight/+3 hand axe (5)]
   761 | D:6      | Slain by a wight

Illustrated notes

Levels and vault maps discovered:
D:1:      lightli_arrival_windingriver, layout_basic,
          dilly_ecumenical_altar_fadedgnrine, minmay_ruptured
D:2:      layout_loops_ring, uniq_sigmund
D:3:      layout_loops_ring, tgw_trog
D:4:      layout_loops_ring, good_gods_temple_1, old_standard_altar,
          temple_fountains, gup_sewer_entry_bubbles, uniq_ijyb
D:5:      nicolae_cairo_tiling_large_dashed, layout_basic,
          nicolae_shop_i_like_big_books, minmay_quadrilaterals,
          uniq_blork_the_orc, uniq_grinder, uniq_duvessa
D:6:      layout_basic, mainiacjoe_overflow_surrounded_room

Skill      XL: |  1  2  3  4  5  6 |
---------------+-------------------+-----
Axes           | 2 3 4 5 6 |  6.3
Invocations    | 1 |  1.5
Fighting       | |  2.6
Armour         | |  3.6
Shields        | |  3.2

Action                     |  1- 3 |  4- 6 |  7- 9 || total
---------------------------+-------+-------+-------++-------
  Melee: War axe           |    35 |    62 |       ||    97
         Tailslap          |     2 |    12 |     1 ||    15
         Battleaxe         |       |     3 |     3 ||     6
    Use: Scroll            |     2 |       |       ||     2
         Potion            |     1 |     3 |       ||     4
   Stab: Paralysed         |       |     2 |       ||     2
 Armour: Plate armour      |    15 |    24 |       ||    39
         Scale mail        |     2 |       |       ||     2
  Dodge: Dodged            |     6 |     6 |       ||    12
  Block: Buckler           |     9 |     9 |       ||    18

Table legend: (Time is in decaauts)
 A = Elapsed time spent in this place.
 B = Non-inter-level travel time spent in this place.
 C = Inter-level travel time spent in this place.
 D = Time resting spent in this place.
 E = Time spent auto-exploring this place.
 F = Levels seen in this place.
 G = Mean time per level.
                   A        B        C        D        E       F      G
               +--------+--------+--------+--------+--------+-----+--------+
         Total |    811 |    811 |      0 |     52 |      0 |   7 |  115.9 |
       Dungeon |    689 |    689 |      0 |     52 |      0 |   6 |  114.8 |
         Sewer |    122 |    122 |      0 |      0 |      0 |   1 |  122.0 |
               +--------+--------+--------+--------+--------+-----+--------+

Top non-repeatable levels by time:
     D:4: 344 daAuts
     D:5: 125 daAuts
   Sewer: 122 daAuts
     D:2: 94 daAuts
     D:1: 66 daAuts
     D:3: 35 daAuts
     D:6: 22 daAuts
